 Dungeon Crawl Stone Soup version 0.23-a0-488-g5fd82c5 (webtiles) character file.

293188 Lavandula the Spry (level 21, -6/128 HPs)
             Began as a Halfling Enchanter on Nov 30, 2018.
             Was a High Priest of Hepliaklqana.
             Killed from afar by an ancient lich (33 damage)
             ... with a bolt of fire
             ... on level 3 of the Crypt on Dec 1, 2018.
             The game lasted 03:59:20 (25016 turns).

Lavandula the Spry (Halfling Enchanter)            Turns: 25016, Time: 03:59:20

Health: -6/128     AC: 19    Str:  9    XL:     21   Next: 71%
Magic:  16/31      EV: 28    Int: 18    God:    Hepliaklqana [*****.]
Gold:   1446       SH: 10    Dex: 20    Spells: 1/34 levels left

rFire    + . .     SeeInvis +   L - +7 dagger (vamp)
rCold    + . .     Gourm    .   q - +3 buckler {rPois}
rNeg     . . .     Faith    .   T - +4 troll leather armour
rPois    +         Spirit   .   A - +2 helmet
rElec    .         Reflect  .   p - scarf {rC+ rF+}
rCorr    .         Harm     .   E - +2 pair of gloves
MR       +....                  i - +2 pair of boots
Stlth    ++++......             Y - amulet of rage
HPRegen  0.71/turn              J - ring of see invisible
MPRegen  0.22/turn              O - ring of wizardry

@: about to teleport, berserk cooldown, slowed, very slow
A: small, reduced essence, blink, mutation resistance 1
}: 2/15 runes: decaying, serpentine
a: Blink, Recall Ancestor, Ancestor Identity, Transference, Idealise, Renounce
Religion, Evoke Berserk Rage


You were on level 3 of the Crypt.
You worshipped Hepliaklqana.
Hepliaklqana was extremely pleased with you.
You were not hungry.

You visited 8 branches of the dungeon, and saw 38 of its levels.
You also visited: Labyrinth and Ossuary.

You collected 2700 gold pieces.
You spent 1254 gold pieces at shops.

Inventory:

Hand Weapons
 y - the +8 long sword of Zues {slice, rC+ MP+9 Int-2}
   (You acquired it on level 10 of the Dungeon)

   It inflicts extra damage upon your enemies.
   It affects your intelligence (-2).
   It protects you from cold.
   It affects your magic capacity (+9).
 L - a +7 vampiric dagger (weapon)
 U - a +1 dagger of electrocution
Missiles
 G - 3 throwing nets (quivered)
Armour
 i - a +2 pair of boots (worn)
 p - a scarf of resistance (worn)
 q - a +3 buckler of poison resistance (worn)
 w - the -1 helmet of Untruth {Str+3 Int+3 Dex+7}
   (You found it on level 12 of the Dungeon)

   It affects your strength (+3).
   It affects your intelligence (+3).
   It affects your dexterity (+7).
 A - a +2 helmet (worn)
 D - +0 ice dragon scales
 E - a +2 pair of gloves (worn)
 N - a scarf of repulsion
 T - a +4 troll leather armour (worn)
 V - a +2 robe of cold resistance
Jewellery
 f - an uncursed ring of ice
 m - an uncursed ring of protection from fire
 C - an uncursed ring of positive energy
 I - an uncursed ring of protection from cold
 J - a ring of see invisible (left hand)
 O - a ring of wizardry (right hand)
 X - a +5 ring of intelligence
 Y - an amulet of rage (around neck)
Wands
 a - a wand of iceblast (10)
 c - a wand of enslavement (6)
 e - a wand of clouds (5)
 o - a wand of disintegration (36)
 B - a wand of flame (13)
 H - a wand of digging (6)
 M - a wand of paralysis (28)
 W - a wand of polymorph (17)
Scrolls
 b - a scroll of enchant armour
 h - 14 scrolls of remove curse
 k - 2 scrolls of magic mapping
 n - 2 scrolls of blinking
 r - a scroll of amnesia
 s - 2 scrolls of fear
 t - 2 scrolls of teleportation
 z - 2 scrolls of fog
 Z - 4 scrolls of immolation
Potions
 g - 2 potions of brilliance
 j - a potion of haste
 l - 5 potions of curing
 u - a potion of agility
 v - 3 potions of mutation
 x - 2 potions of resistance
 F - 2 potions of flight
 K - a potion of heal wounds
 P - 4 potions of might
Miscellaneous
 Q - a box of beasts
 S - a phial of floods (inert)
Comestibles
 d - 16 rations


   Skills:
 - Level 12.1 Fighting
 - Level 10.0(13.8) Short Blades
 - Level 13.2(14.0) Long Blades
 - Level 8.1 Armour
 - Level 15.5 Dodging
 - Level 9.9 Stealth
 - Level 5.6 Shields
 - Level 7.2 Spellcasting
 - Level 9.0 Conjurations
 - Level 4.9 Hexes
 * Level 8.4 Summonings
 - Level 4.8 Ice Magic
 - Level 13.1 Air Magic
 - Level 8.7 Invocations
 - Level 6.6 Evocations


You had one spell level left.
You knew the following spells:

 Your Spells              Type           Power        Failure   Level  Hunger
a - Spellforged Servitor  Conj/Summ      #####.....   75%         7    #######
b - Confuse               Hex            ###.....     2%          3    #......
c - Deflect Missiles      Chrm/Air       ####......   47%         6    ######.
e - Dazzling Spray        Conj/Hex       ####..       1%          3    #......
f - Mephitic Cloud        Conj/Pois/Air  ####....     1%          3    #......
g - Freezing Cloud        Conj/Ice/Air   #####.....   21%         6    ######.
i - Regeneration          Chrm/Necr      #.........   16%         3    #......
j - Shroud of Golubria    Chrm/Tloc      #.........   9%          2    None

Your spell library contained the following spells:

 Spells                   Type           Power        Failure   Level  Hunger
 Corona                   Hex            ###....      1%          1    None
 Flame Tongue             Conj/Fire      ###..        1%          1    None
 Magic Dart               Conj           ####         1%          1    None
 Infusion                 Chrm           #...         6%          1    None
 Ensorcelled Hibernation  Hex/Ice        ###...       1%          2    None
 Poisonous Vapours        Pois/Air       ####..       1%          2    None
 Searing Ray              Conj           #####.       1%          2    None
 Throw Flame              Conj/Fire      ###...       1%          2    None
 Iskenderun's Mystic Bla  Conj           #####...     1%          4    ###....
 Conjure Flame            Conj/Fire      ###.....     2%          3    #......
 Tukima's Dance           Hex            ###.....     2%          3    #......
 Fulminant Prism          Conj/Hex       ####......   3%          4    ###....
 Silence                  Hex/Air        #####.....   4%          5    #####..
 Inner Flame              Hex/Fire       ###.....     6%          3    #......
 Spectral Weapon          Hex/Chrm       ###.....     6%          3    #......
 Cause Fear               Hex            ###.......   8%          4    ###....
 Song of Slaying          Chrm           #.......     9%          2    None
 Force Lance              Conj/Tloc      ###.....     9%          4    ###....
 Sticky Flame             Conj/Fire      ###.....     9%          4    ###....
 Fireball                 Conj/Fire      ###.......   24%         5    #####..
 Iskenderun's Battlesphe  Conj/Chrm      ###.....     24%         5    #####..
 Venom Bolt               Conj/Pois      ###.......   24%         5    #####..
 Bolt of Magma            Conj/Fire/Erth ###.......   41%         5    #####..
 Yara's Violent Unravell  Hex/Tmut       ###.......   45%         5    #####..
 Orb of Destruction       Conj           #####.....   71%         7    #######
 Iron Shot                Conj/Erth      ###.......   77%         6    ######.
 Ring of Flames           Chrm/Fire      #.........   100%        7    #######
 Discord                  Hex            ###.......   100%        8    #######


Dungeon Overview and Level Annotations

Branches:
Dungeon (15/15)            Temple (1/1) D:7            Lair (6/6) D:11
  Swamp (4/4) Lair:2        Snake (4/4) Lair:3          Orc (2/2) D:11
    Elf (0/3) Orc:2        Vaults (3/5) D:14          Crypt (3/3) Vaults:3
  Slime: Lair:5-6      Tomb: Crypt:3     Depths: D:15

Altars:
Ashenzari
Cheibriados
Dithmenos
Fedhas
Gozag
Hepliaklqana
Kikubaaqudgha
Makhleb
Nemelex Xobeh
Ru
Trog
Uskayaw
Vehumet
Wu Jian
Xom
Yredelemnul
Zin
The Shining One
Beogh

Shops:
D:7 [   D:8 %   D:9 ?   Orc:2 :(*%   Snake:1 (

Annotations:
D:4 3 runed doors, Garbasso's ghost, amateur OgSk; Grinder; Uhlv's ghost, amateur MiCK
D:5 exclusion: adder
D:10 3 runed doors, Xoff's ghost, journeyman GnSk; wilfster70's ghost, journeyman OpFi
Lair:3 1 runed door, Gexza's ghost, journeyman HOFi
Lair:6 1 runed door, Jiceuq's ghost, journeyman MiFi
Snake:1 exclusion: obsidian statue
Crypt:1 Sojobo
Crypt:2 2 transporters, Zotill's ghost, adept GrFi


Innate Abilities, Weirdness & Mutations

You are small and have problems with some larger weapons.
You are somewhat resistant to further mutation.
Your life essence is reduced to manifest your ancestor. (-10% HP)
You can translocate small distances at will.


Message History

The ancient lich touches you!
You bump into the stone wall.
You feel a strong urge to attack something.
You are no longer berserk.
You are exhausted.
You feel yourself slow down. The ancient lich casts a spell at you.
The bolt of fire hits you! You resist.
* * * LOW HITPOINT WARNING * * *
You feel better. The ancient lich misses you. The ancient lich touches you!
* * * LOW HITPOINT WARNING * * *
Unknown command.
As you read the scroll of teleportation, it crumbles to dust.
You feel strangely unstable. You block the ancient lich's attack.
Unknown command.
You blink.
You feel slightly more hungry. The ancient lich completely misses you.
The ancient lich points at you and mumbles some strange words.
The bolt of fire hits you! You resist.
You die...

##########################
#...............L.........
#.........########........
#........@# #........
########......##L##
##'##.....
.......#......#.ยง.#
#(..#.....
.......#.....####)#
#.####....
.......'........###
###.......
.......#.........
#.........
...#####...###....
#....###.. ...#...##....
#.## ###.##....
.).#....##....### ###....#


You could see an ancient lich (invisible).

Vanquished Creatures
  the Lernaean hydra (Swamp:4)
  2 liches (Crypt:3)
  A sphinx (Vaults:3)
  Kirke (Lair:4)
  A thorn hunter (Swamp:3)
  2 tengu reavers (Crypt:1)
  6 nagarajas (Snake:4)
  4 vault wardens
  A curse skull (Crypt:2)
  A frost giant (Vaults:3)
  3 ghouls (Crypt:2)
  3 ironheart preservers
  3 stone giants (Vaults:3)
  An entropy weaver (Vaults:2)
  3 war gargoyles (Crypt:3)
  3 vampire knights
  A dire elephant (Lair:6)
  A deep elf annihilator (Vaults:3)
  A deep elf demonologist (Vaults:3)
  A large abomination (Vaults:3)
  4 eidola
  2 deep elf death magi (Vaults:3)
  A minotaur (Lab)
  A fire dragon (Vaults:2)
  4 yaktaur captains
  2 ice dragons (Vaults:1)
  6 ogre magi
  A rakshasa (Vaults:1)
  15 naga warriors
  3 vault guards
  2 shambling mangroves
  20 hydras
  2 centaur warriors
  2 catoblepae (Lair:6)
  3 alligators
  2 death yaks (Lair:6)
  4 death knights
  6 anacondas
  13 two-headed ogres
  A dancing weapon (Crypt:3)
  4 orc high priests
  2 vampire magi (Crypt:2)
  10 naga sharpshooters
  A titan zombie (Crypt:2)
  8 shock serpents
  3 hell knights (Crypt:3)
  2 soul eaters (Crypt:1)
  5 deep elf knights
  A shadow wraith (Crypt:2)
  A salamander mystic (Snake:3)
  14 skeletal warriors
  3 unseen horrors
  A flayed ghost (Crypt:1)
  A golden dragon zombie (Crypt:3)
  12 sea snakes (Snake:4)
  A glowing orange brain (Vaults:2)
  5 swamp dragons (Swamp:4)
  A naga ritualist (Snake:2)
  A spriggan druid (Swamp:4)
  2 deep elf archers
  8 ironbrand convokers
  A shadow dragon zombie (Crypt:1)
  4 necromancers
  10 orc knights
  A phantasmal warrior (Crypt:1)
  A lindwurm (Lair:6)
  4 orc sorcerers
  A wolf spider zombie (Crypt:1)
  A fire giant zombie (Vaults:2)
  2 mana vipers
  11 salamanders
  4 cyclopes
  4 deep elf magi
  A wolf spider (Vaults:2)
  8 ugly things
  A tengu skeleton (Vaults:3)
  3 manticores
  24 black mambas
  9 guardian serpents
  A frost giant skeleton (Crypt:2)
  A centaur zombie (D:12)
  4 fire giant skeletons
  A stone giant skeleton (Vaults:3)
  11 naga magi
  9 vault sentinels
  4 elephants
  16 spiny frogs
  2 centaur skeletons
  2 rime drakes (Lair:2)
  A minotaur zombie (Crypt:2)
  3 kobold demonologists
  A red draconian zombie (Crypt:2)
  6 komodo dragons
  5 freezing wraiths
  7 yaktaurs
  An iron troll zombie (Crypt:2)
  10 trolls
  A wolf spider simulacrum (Crypt:1)
  A hornet (shapeshifter) (Vaults:3)
  4 tyrant leeches
  A wind drake (shapeshifter) (Vaults:2)
  10 hornets
  3 bog bodies
  9 hippogriffs
  8 blink frogs
  7 dream sheep
  A hydra skeleton (Crypt:1)
  7 slime creatures
  A redback (Vaults:2)
  4 spriggans
  17 flying skulls
  2 shadows
  8 wraiths
  An ettin skeleton (Crypt:3)
  6 hogs (Lair:4)
  3 wyverns (D:11)
  26 yaks
  A yak (shapeshifter) (Vaults:3)
  A basilisk (Lair:6)
  Grum (Lair:1)
  A hungry ghost (D:11)
  A fire elemental (Lair:2)
  5 vampire mosquitoes
  2 steam dragons
  2 wargs (Vaults:2)
  11 insubstantial wisps
  A harpy simulacrum (Crypt:2)
  43 nagas
  A soldier ant (D:13)
  6 swamp worms
  A torturous demonspawn zombie (Crypt:2)
  A torturous demonspawn skeleton (Crypt:1)
  12 water moccasins
  A hornet zombie (D:9)
  3 porcupines
  An ice beast (D:9)
  5 sky beasts
  A phantom (D:11)
  26 orc warriors
  8 swamp drakes
  2 black bears
  7 wolves
  18 ogres
  3 centaurs
  6 hexers
  An elf skeleton (Vaults:3)
  14 crocodiles
  4 big kobolds
  An elf zombie (Crypt:1)
  10 bullfrogs
  A gnoll sergeant (D:9)
  A wyvern zombie (D:8)
  4 human skeletons (Vaults:3)
  A salamander skeleton (Crypt:2)
  2 troll zombies (D:11)
  4 scorpions
  11 wights
  A snapping turtle simulacrum (Crypt:2)
  10 killer bees
  An orc simulacrum (Vaults:1)
  2 electric eels (Snake:4)
  2 howler monkeys (D:11)
  4 crimson imps
  A human simulacrum (Vaults:2)
  A bullfrog zombie (D:6)
  17 orc priests
  3 bullfrog skeletons (D:12)
  2 hounds
  2 jellies
  20 orc wizards
  4 iguanas
  2 worker ants
  A killer bee zombie (D:10)
  4 ogre zombies (D:11)
  An ogre skeleton (Crypt:2)
  A crocodile skeleton (Crypt:1)
  A hound zombie (D:10)
  A hound skeleton (D:9)
  2 worker ant zombies
  Robin (D:3)
  4 gnolls
  12 adders
  5 shadow imps
  A white imp (D:6)
  An adder skeleton (D:4)
  2 worms (D:3)
  A barachi skeleton (Crypt:2)
  5 dart slugs
  2 leopard geckos
  79 orcs
  5 giant cockroaches
  17 goblins
  9 hobgoblins
  6 jackals
  6 quokkas
  5 ball pythons
  7 bats
  7 frilled lizards
  A goblin skeleton (D:11)
  5 goblin zombies
  2 hobgoblin skeletons (D:11)
  6 hobgoblin zombies
  18 kobolds
  A kobold skeleton (D:6)
  2 kobold zombies (D:6)
  3 orc skeletons
  8 orc zombies
  A quokka zombie (D:5)
  7 rats
  A plant (Snake:4)
1053 creatures vanquished.

Vanquished Creatures (collateral kills)
  Frederick (Crypt:2)
  2 nagarajas (Snake:4)
  A revenant (Crypt:1)
  A ghoul (Crypt:1)
  An ironheart preserver (Vaults:3)
  A stone giant (Vaults:3)
  A vampire knight (Crypt:1)
  An eidolon (Crypt:2)
  An ice dragon (Vaults:1)
  A centaur warrior (D:14)
  3 hydras
  2 naga warriors
  A death yak (Lair:6)
  4 two-headed ogres
  A shock serpent (Snake:4)
  A storm dragon skeleton (Crypt:1)
  A shadow wraith (Vaults:3)
  2 skeletal warriors
  A swamp dragon (shapeshifter) (Vaults:1)
  A sea snake (Snake:4)
  2 swamp dragons (Swamp:4)
  A necromancer (Crypt:2)
  3 orc knights
  A phantasmal warrior (Crypt:1)
  A mana viper (Snake:4)
  A salamander (Snake:3)
  3 ugly things
  3 elephants (Lair:6)
  2 black mambas
  A guardian serpent (Snake:4)
  A centaur zombie (D:7)
  A shock serpent skeleton (Crypt:1)
  3 yaktaurs (Vaults:1)
  A yaktaur skeleton (Vaults:2)
  A sphinx simulacrum (Vaults:2)
  5 hornets
  A slime creature (Vaults:2)
  A hippogriff (Lair:4)
  4 blink frogs
  An ettin zombie (Vaults:2)
  A dream sheep (Lair:5)
  4 flying skulls
  A redback (Vaults:2)
  4 spriggans
  4 yaks
  2 wraiths
  An ettin skeleton (Vaults:3)
  3 basilisks
  3 vampire mosquitoes
  2 wargs
  An acid dragon (D:11)
  14 nagas
  4 insubstantial wisps
  A swamp worm (Swamp:4)
  A water moccasin (Lair:6)
  An eye of draining (D:12)
  A black bear (D:7)
  3 swamp drakes (Swamp:4)
  6 orc warriors
  A phantom (D:9)
  2 sky beasts (D:8)
  An ice beast (D:9)
  An ogre (Vaults:2)
  A necrophage (D:12)
  2 centaurs (D:14)
  A crocodile (Lair:6)
  3 bullfrogs
  2 human skeletons
  A komodo dragon skeleton (Crypt:1)
  3 killer bees (D:10)
  3 wights
  An electric eel (Lair:2)
  A hound (D:11)
  An orc priest (Orc:2)
  7 orc wizards
  An iguana (D:7)
  A bullfrog skeleton (D:7)
  A worker ant (D:6)
  A howler monkey skeleton (D:8)
  2 gnolls (D:6)
  3 adders
  A steam dragon skeleton (Crypt:1)
  A shadow imp (D:6)
  A leopard gecko (D:8)
  17 orcs
  2 jackals (D:8)
  A goblin zombie (D:11)
  3 kobolds (D:11)
  A crawling corpse (Vaults:3)
189 creatures vanquished.

Vanquished Creatures (others)
  An ogre mage (Vaults:3)
  An unseen horror (Vaults:1)
  An ugly thing (D:14)
  2 tyrant leeches
  A yak (D:11)
  A vampire mosquito (Swamp:4)
  9 dancing weapons
  An ogre (Vaults:3)
  A wyvern zombie (D:11)
  An orc priest (Orc:2)
  34 hexers
  2 ancestors (D:7)
  2 orcs (Orc:2)
  12 fungi
  2 plants
  3 withered plants (D:10)
74 creatures vanquished.

Grand Total: 1316 creatures vanquished

Notes
Turn   | Place    | Note
-------+----------+-------------------------------------------
     0 | D:1      | Lavandula the Halfling Enchanter began the quest for the
                  | Orb.
     0 | D:1      | Reached XP level 1. HP: 11/11 MP: 3/3
   437 | D:2      | Reached XP level 2. HP: 10/17 MP: 4/4
   842 | D:1      | Reached XP level 3. HP: 18/21 MP: 1/5
  1021 | D:1      | Learned a level 3 spell: Confuse
  1204 | D:2      | Found a shimmering altar of Xom.
  1367 | D:4      | Noticed a scorpion
  1396 | D:3      | Reached XP level 4. HP: 20/27 MP: 2/6
  1660 | D:3      | Learned a level 2 spell: Ensorcelled Hibernation
  1724 | D:3      | Noticed Robin
  1845 | D:3      | Found a glowing silver altar of Zin.
  1911 | D:3      | Reached skill level 5 in Short Blades
  2032 | D:3      | Reached XP level 5. HP: 18/31 MP: 0/7
  2398 | D:3      | Killed Robin
  2544 | D:4      | Noticed a sky beast
  2546 | D:4      | Killed a sky beast
  2546 | D:4      | Reached XP level 6. HP: 34/36 MP: 8/8
  2566 | D:4      | Found a runed gate.
  2566 | D:4      | Found a runed gate.
  2567 | D:4      | Found a runed gate.
  2569 | D:4      | Noticed Uhlv's ghost (amateur MiCK)
  2570 | D:4      | Noticed Garbasso's ghost (amateur OgSk)
  2698 | D:3      | Learned a level 3 spell: Tukima's Dance
  2738 | D:4      | Noticed Grinder
  3038 | D:5      | Entered Level 5 of the Dungeon
  3251 | D:5      | Reached XP level 7. HP: 41/41 MP: 5/10
  3455 | D:5      | Found a shadowy altar of Dithmenos.
  3665 | D:6      | Found a glowing golden altar of the Shining One.
  3680 | D:6      | Reached skill level 1 in Evocations
  3858 | D:7      | Found a staircase to the Ecumenical Temple.
  3870 | Temple   | Entered the Ecumenical Temple
  3958 | Temple   | Became a worshipper of Hepliaklqana the Forgotten
  4247 | D:6      | Found a shattered altar of Ashenzari.
  4323 | D:7      | Reached XP level 8. HP: 34/41 MP: 6/11
  4515 | D:6      | Reached skill level 10 in Short Blades
  4533 | D:6      | Reached * piety under Hepliaklqana
  4687 | D:7      | Learned a level 3 spell: Dazzling Spray
  4752 | D:8      | Reached skill level 1 in Conjurations
  4789 | D:8      | Found Raexzowe's Food Shop.
  4813 | D:8      | Reached XP level 9. HP: 45/45 MP: 5/13
  4835 | D:8      | Found a sand-covered staircase.
  4851 | Ossuary  | Entered an ossuary
  5095 | D:7      | Found a burning altar of Makhleb.
  5119 | D:7      | Found Ifaukkeb's Armour Emporium.
  5292 | D:8      | Reached ** piety under Hepliaklqana
  5293 | D:8      | Remembered your ancestor Gaius as a hexer
  5427 | D:9      | Reached skill level 5 in Conjurations
  5590 | D:9      | Found Xenaming's Magic Scroll Shoppe.
  5598 | D:9      | Bought a scroll of random uselessness for 16 gold pieces
  5664 | D:10     | Entered Level 10 of the Dungeon
  5754 | D:9      | Reached XP level 10. HP: 36/50 MP: 9/14
  5910 | D:10     | Noticed a two-headed ogre
  5936 | D:10     | Killed a two-headed ogre
  5936 | D:10     | Reached skill level 5 in Dodging
  5980 | D:10     | Identified a scroll of acquirement
  5982 | D:10     | Got a smoking long sword
  6020 | D:10     | Reached skill level 6 in Dodging
  6034 | D:11     | Noticed a two-headed ogre
  6049 | D:11     | Killed a two-headed ogre
  6049 | D:11     | Reached skill level 8 in Dodging
  6055 | D:11     | Noticed a manticore
  6076 | D:11     | Killed a manticore
  6127 | D:10     | Found a runed gate.
  6127 | D:10     | Found a runed gate.
  6127 | D:10     | Found a runed gate.
  6128 | D:10     | Noticed wilfster70's ghost (journeyman OpFi)
  6129 | D:10     | Noticed Xoff's ghost (journeyman GnSk)
  6420 | D:10     | Reached skill level 5 in Armour
  6467 | D:11     | Reached XP level 11. HP: 54/54 MP: 8/15
  6539 | D:11     | Reached skill level 1 in Fighting
  6573 | D:11     | Noticed a cyclops
  6602 | D:11     | Killed a cyclops
  6608 | D:11     | Reached skill level 5 in Fighting
  6614 | D:11     | Noticed a six-headed hydra
  6637 | D:10     | Reached *** piety under Hepliaklqana
  6680 | D:10     | Reached skill level 1 in Invocations
  6763 | D:9      | Bought a scroll of enchant armour for 120 gold pieces
  6763 | D:9      | Bought a scroll of enchant armour for 120 gold pieces
  6763 | D:9      | Bought a scroll of blinking for 120 gold pieces
  6864 | D:11     | Killed a six-headed hydra
  7037 | D:12     | Found an opulent altar of Gozag.
  7102 | D:12     | Got a bloodstained helmet
  7156 | D:12     | Identified the cursed -1 helmet of Untruth {Str+3 Int+3
                  | Dex+7} (You found it on level 12 of the Dungeon)
  7207 | D:12     | Noticed a four-headed hydra
  7213 | D:12     | Killed a four-headed hydra
  7213 | D:12     | Reached skill level 5 in Spellcasting
  7226 | D:12     | Paralysed by a hornet for 2 turns
  7375 | D:12     | Reached skill level 5 in Stealth
  7375 | D:12     | Reached XP level 12. HP: 69/69 MP: 12/19
  7621 | D:12     | Noticed an unseen horror
  7639 | D:12     | Killed an unseen horror
  7944 | D:14     | Noticed a centaur warrior
  7969 | D:14     | Killed a centaur warrior
  8034 | D:14     | Found a labyrinth entrance.
  8075 | D:14     | Noticed a two-headed ogre
  8081 | Lab      | Entered a labyrinth
  8303 | Lab      | Noticed a minotaur
  8330 | Lab      | Killed a minotaur
  8341 | Lab      | Got a brightly glowing morningstar
  8475 | D:13     | Reached skill level 1 in Shields
  8520 | D:12     | Noticed an eight-headed hydra
  8523 | D:12     | Killed an eight-headed hydra
  8711 | D:11     | Identified the +8 long sword of Zues {slice, rC+ MP+9
                  | Int-2} (You acquired it on level 10 of the Dungeon)
  8907 | D:11     | Reached skill level 5 in Shields
  8907 | D:11     | Reached XP level 13. HP: 80/80 MP: 8/20
  8936 | D:11     | Found a staircase to the Orcish Mines.
  8965 | Orc:1    | Entered Level 1 of the Orcish Mines
  9049 | Orc:1    | Found a roughly hewn altar of Beogh.
  9241 | Orc:2    | Entered Level 2 of the Orcish Mines
  9409 | Orc:2    | Found a staircase to the Elven Halls.
  9723 | Orc:2    | Reached skill level 9 in Dodging
  9979 | Orc:2    | Paralysed by an orc sorcerer for 4 turns
 10096 | Orc:2    | Reached skill level 10 in Dodging
 10638 | Orc:2    | Found Cerif's Food Shoppe.
 10638 | Orc:2    | Found Ystead's Book Shop.
 10640 | Orc:2    | Found Dotuseme's General Store.
 10640 | Orc:2    | Found Rep Were's Antique Weapon Shop.
 10651 | Orc:2    | Bought a book of Clouds for 630 gold pieces
 10654 | Orc:2    | Bought a scroll of summoning for 152 gold pieces
 10895 | Orc:2    | Bought a potion of might for 64 gold pieces
 10895 | Orc:2    | Bought a scroll of identify for 32 gold pieces
 11235 | D:11     | Learned a level 3 spell: Mephitic Cloud
 11312 | D:11     | Reached skill level 1 in Air Magic
 11419 | D:11     | Reached XP level 14. HP: 74/87 MP: 1/21
 11459 | D:11     | Found a staircase to the Lair.
 11500 | Lair:1   | Entered Level 1 of the Lair of Beasts
 11510 | Lair:1   | Noticed Grum
 11528 | Lair:1   | Killed Grum
 11633 | Lair:1   | Reached **** piety under Hepliaklqana
 11805 | Lair:2   | Reached skill level 5 in Invocations
 12143 | Lair:5   | Upgraded the game from 0.23-a0-484-g29ba69c to
                  | 0.23-a0-488-g5fd82c5
 12187 | Lair:4   | Noticed Kirke
 12233 | Lair:4   | Killed Kirke
 12258 | Lair:4   | Reached ***** piety under Hepliaklqana
 12318 | Lair:6   | Entered Level 6 of the Lair of Beasts
 12336 | Lair:6   | Reached skill level 11 in Dodging
 12447 | Lair:6   | Found a hide-covered altar of Uskayaw.
 12578 | Lair:6   | Reached skill level 1 in Long Blades
 12696 | Lair:6   | Noticed a dire elephant
 12778 | Lair:6   | Killed a dire elephant
 12831 | Lair:6   | Reached skill level 5 in Long Blades
 12831 | Lair:6   | Reached XP level 15. HP: 84/91 MP: 8/22
 12966 | Lair:6   | Found a runed door.
 12966 | Lair:6   | Noticed Jiceuq's ghost (journeyman MiFi)
 13403 | Lair:3   | Found a runed door.
 13403 | Lair:3   | Noticed Gexza's ghost (journeyman HOFi)
 13928 | Lair:3   | Found a staircase to the Snake Pit.
 14102 | Lair:2   | Found a staircase to the Swamp.
 14135 | Swamp:1  | Entered Level 1 of the Swamp
 14302 | Swamp:1  | Learned a level 6 spell: Freezing Cloud
 14330 | Swamp:2  | Noticed a thorn hunter
 14490 | Swamp:1  | Reached skill level 1 in Ice Magic
 14496 | Swamp:1  | Gained mutation: You can translocate small distances at
                  | will. [potion of mutation]
 14696 | Swamp:3  | Noticed a thorn hunter
 14758 | Swamp:3  | Killed a thorn hunter
 14963 | Swamp:4  | Entered Level 4 of the Swamp
 14990 | Swamp:4  | Reached skill level 5 in Air Magic
 15215 | Swamp:4  | Reached XP level 16. HP: 97/97 MP: 9/23
 15406 | Swamp:4  | Noticed the 27-headed Lernaean hydra
 15423 | Swamp:4  | Killed the 27-headed Lernaean hydra
 15423 | Swamp:4  | Reached skill level 10 in Air Magic
 15550 | Swamp:4  | Got a decaying rune of Zot
 15922 | Snake:1  | Entered Level 1 of the Snake Pit
 15922 | Snake:1  | Found Mekamn's Antique Weapon Shop.
 16178 | Snake:1  | Reached XP level 17. HP: 101/101 MP: 20/26
 16183 | Snake:1  | Learned a level 3 spell: Conjure Flame
 16983 | Snake:2  | Reached XP level 18. HP: 62/107 MP: 0/27
 17609 | Snake:4  | Entered Level 4 of the Snake Pit
 17968 | Snake:3  | Found a burning altar of Makhleb.
 17981 | Snake:3  | Reached skill level 10 in Long Blades
 18310 | Snake:4  | Reached ****** piety under Hepliaklqana
 19210 | Snake:4  | Reached XP level 19. HP: 96/112 MP: 13/28
 19385 | Snake:4  | Reached skill level 12 in Dodging
 19436 | Snake:4  | Got a serpentine rune of Zot
 19533 | Snake:2  | Learned a level 3 spell: Regeneration
 19536 | Snake:2  | Learned a level 2 spell: Shroud of Golubria
 19821 | D:15     | Entered Level 15 of the Dungeon
 19941 | D:14     | Found a gate to the Vaults.
 19946 | D:14     | Reached skill level 10 in Fighting
 19949 | Vaults:1 | Entered Level 1 of the Vaults
 20977 | Vaults:1 | Reached XP level 20. HP: 118/123 MP: 15/29
 21254 | Vaults:2 | Reached skill level 13 in Dodging
 21384 | Vaults:3 | Paralysed by an ogre mage for 2 turns
 21482 | Vaults:3 | Reached skill level 14 in Dodging
 21887 | Vaults:3 | Reached skill level 15 in Dodging
 22304 | Vaults:3 | Learned a level 7 spell: Spellforged Servitor
 22312 | Vaults:3 | Found a staircase to the Crypt.
 22332 | Vaults:3 | Reached skill level 1 in Summonings
 22419 | Crypt:1  | Entered Level 1 of the Crypt
 22445 | Crypt:1  | Noticed Sojobo
 22799 | Crypt:1  | Learned a level 6 spell: Deflect Missiles
 22913 | Crypt:1  | Reached XP level 21. HP: 88/128 MP: 23/31
 22969 | Crypt:1  | Reached skill level 5 in Summonings
 23603 | Crypt:3  | Entered Level 3 of the Crypt
 23603 | Crypt:3  | Noticed Frederick
 23699 | Crypt:2  | Found a transporter.
 23699 | Crypt:2  | Noticed Zotill's ghost (adept GrFi)
 23700 | Crypt:2  | Noticed an ancient lich
 23795 | Crypt:2  | Found a transporter.
 23903 | Crypt:2  | Reached skill level 5 in Evocations
 24363 | Crypt:2  | Killed Frederick
 24764 | Crypt:3  | Noticed a lich
 24779 | Crypt:3  | Killed a lich
 24929 | Crypt:3  | Noticed a lich
 24937 | Crypt:3  | Paralysed by a lich for 2 turns
 24940 | Crypt:3  | Killed a lich
 24948 | Crypt:3  | Noticed an ancient lich
 24977 | Crypt:3  | Noticed a Brimstone Fiend
 25016 | Crypt:3  | Killed from afar by an ancient lich

Vault maps used:
D:1:      nzn_arrival_depleted_hourglass
D:2:      old_standard_altar, first_ration, minmay_misc_feat_cross
D:3:      wander_river, marbit_many_paths, uniq_robin
D:4:      gammafunk_ghost_cemetery, uniq_grinder
D:5:      kennysheep_mini, okawaru_gym_becter, st_stairs_4,
          chequers_serial_rivers_micro_d, grunt_dithmenos_shadows
D:6:      nicolae_tso_besieged_by_evil, evilmike_ruin_ashenzari
D:7:      statuecave_lemuel, lemuel_crystal_altar,
          minmay_temple_entry_overgrown, serial_shops, shop_coins
D:8:      enter_ossuary_2, serial_shops, shop, grunt_livestock
D:9:      serial_shops, nicolae_shop_stone
D:10:     gammafunk_ghost_cemetery
D:11:     erik_lair_dragon, zombieorc1_lemuel
D:12:     nicolae_gozag_cash_rules_everything_around_me
D:13:     serial_shops, nicolae_shop_waterfront, uniq_azrael
D:14:     david_vaults_5, serial_bayou_pond_d, basic_altar, lab_entry_generic
D:15:     hangedman_depths_entry_try_elsewhere_first,
          muffindrake_ghost_dual_entry, solitary_fountain,
          minmay_misc_feat_plants, st_stairs_14
Temple:   regret_index_temple_sphere_string
Lair:1:   st_stairs_3, serial_bayou_shore_b, uniq_gastronok, uniq_grum,
          uniq_prince_ribbit2
Lair:2:   minmay_swamp_entry_worms
Lair:3:   dummy_snake_entry, gammafunk_ghost_grave, grunt_megastairs_5,
          serial_bayou_shore_b
Lair:4:   uniq_kirke
Lair:5:   minmay_slime_entry_pillars
Lair:6:   hangedman_lair_in_review, hellmonk_ghost_happy_afterlife, basic_altar
Swamp:1:  serial_swamp_ruin, evilmike_swamp_ruin_house_3,
          evilmike_swamp_ruin_house_2, evilmike_swamp_ruin_rubble_1
Swamp:2:  evilmike_swamp_ruin_rubble_2, hangedman_swamp_wriggling
Swamp:3:  evilmike_swamp_ruin_house_4, swamp_pool1
Swamp:4:  swamp_old_school
Snake:1:  serial_shops, shop, spider_trap, dpeg_stationary_puzzle
Snake:3:  basic_altar
Snake:4:  grunt_snake_rune_pools, serial_bayou_ford_a, nicolae_snake_springs
Orc:1:    basic_altar, rock_pile
Orc:2:    grunt_orc_tribal_feast
Vaults:1: v_misc_12, ontoclasm_vaults_ring_large, nicolae_vaults_theta,
          nicolae_vaults_big_ls, nicolae_vaults_diagonal_hallway_6,
          hangedman_vaults_stagger, nicolae_vaults_circle_grid_b,
          hangedman_vaults_hat, vaults_mumra_minichess_inversion,
          nicolae_vaults_triangles
Vaults:2: vaults_room_pool, v_misc_10, nicolae_vaults_what_the_h,
          nicolae_vaults_little_ls, grunt_vaults_focal, v_pattern_3,
          nicolae_vaults_stairing_the_circle, ontoclasm_vaults_misaligned,
          v_misc_27, hangedman_vaults_capsules
Vaults:3: hangedman_vaults_locks, minmay_crypt_entry_skeletal_spiral,
          nicolae_vaults_three_branches, nicolae_vaults_good_morning_starshine,
          v_misc_17, v_pattern_5, nicolae_vaults_circle_grid_a,
          nicolae_vaults_theta, dpeg_vaults_monster_box
Crypt:1:  grunt_ministairs_4, grunt_crypt_arrival_split,
          roderic_lattice_octagonal_star, uniq_sojobo
Crypt:2:  gammafunk_ghost_arena, serial_sigils_hangedman_scratch
Crypt:3:  cryptofortress_bobbens, uniq_saint_roka, uniq_frederick
Lab:      lab_fountain
Ossuary:  ossuary_due_cavern

Skill      XL: |  1  2  3  4  5  6  7  8  9 10 11 12 13 14 15 16 17 18 19 20 21 |
---------------+----------------------------------------------------------------+-----
Short Blades   | 2 3 4 5 7 9 10 | 10.0
Spellcasting   | 2 3 5 6 7 |  7.2
Evocations     | 3 6 |  6.6
Conjurations   | 2 7 8 9 |  9.0
Dodging        | 8 10 11 12 15 | 15.5
Armour         | 5 6 8 |  8.1
Fighting       | 5 8 9 12 | 12.1
Invocations    | 3 8 |  8.7
Stealth        | 5 7 9 |  9.9
Shields        | 5 |  5.6
Hexes          | 4 |  4.9
Air Magic      | 2 4 6 10 11 12 13 | 13.1
Long Blades    | 5 8 13 | 13.2
Ice Magic      | 4 |  4.8
Summonings     | 4 8 |  8.4

Action                   |  1- 3 |  4- 6 |  7- 9 | 10-12 | 13-15 | 16-18 | 19-21 || total
-------------------------+-------+-------+-------+-------+-------+-------+-------++-------
Melee: Dagger            |   147 |   189 |   363 |   658 |  1621 |   921 |  1683 ||  5582
       Falchion          |       |       |    17 |       |       |       |       ||    17
Throw: Stone             |       |     6 |     4 |       |       |       |       ||    10
       Tomahawk          |       |       |       |       |     1 |       |       ||     1
 Cast: Corona            |    29 |     3 |     4 |     3 |       |     4 |     1 ||    44
       Confuse           |     1 |     6 |     6 |     9 |    12 |     2 |     1 ||    37
       Ensorcelled Hiber |       |    21 |    24 |     7 |    52 |     2 |     2 ||   108
       Tukima's Dance    |       |     2 |     5 |     7 |    33 |       |       ||    47
       Dazzling Spray    |       |       |    15 |    66 |    78 |   112 |   109 ||   380
       Mephitic Cloud    |       |       |       |       |    38 |    12 |    40 ||    90
       Freezing Cloud    |       |       |       |       |     1 |    21 |    32 ||    54
       Conjure Flame     |       |       |       |       |       |     1 |       ||     1
       Regeneration      |       |       |       |       |       |       |    23 ||    23
       Shroud of Golubri |       |       |       |       |       |       |    17 ||    17
       Deflect Missiles  |       |       |       |       |       |       |     3 ||     3
Invok: Recall Ancestor   |       |       |     3 |     4 |     8 |     5 |    14 ||    34
       Ancestor Identity |       |       |     1 |       |       |       |       ||     1
       Ancestor Life: He |       |       |     1 |       |       |       |       ||     1
       Transference      |       |       |       |     1 |       |       |       ||     1
       Idealise          |       |       |       |       |     2 |     4 |    11 ||    17
 Abil: Evoke Berserk Rag |       |       |       |       |     2 |       |     4 ||     6
       Blink             |       |       |       |       |       |       |     2 ||     2
Evoke: Wand              |       |     1 |     3 |    16 |    19 |    10 |     8 ||    57
       Phial of floods   |       |       |       |       |       |     1 |     3 ||     4
  Use: Scroll            |       |     6 |    15 |    14 |    15 |     5 |    16 ||    71
       Potion            |       |     2 |     1 |     2 |     5 |     5 |     7 ||    22
 Stab: Sleeping          |     6 |    16 |    17 |     7 |    30 |     8 |    13 ||    97
       Confused          |     1 |     2 |     3 |    12 |    68 |    26 |   158 ||   270
       Distracted        |       |       |     2 |     7 |    13 |    11 |    23 ||    56
       Invisible         |       |       |     6 |    24 |    27 |    68 |    21 ||   146
       Betrayed ally     |       |       |       |     1 |       |       |       ||     1
       Paralysed         |       |       |       |       |    11 |    25 |    36 ||    72
  Eat: Chunk             |     3 |     9 |     6 |    15 |    28 |    12 |    15 ||    88
       Ration            |       |       |     4 |     3 |     2 |     4 |    10 ||    23
Armor: Robe              |    22 |    14 |       |       |       |       |       ||    36
       Animal skin       |       |    12 |    79 |    19 |       |       |       ||   110
       Troll leather arm |       |       |       |   104 |   217 |    98 |   177 ||   596
Dodge: Dodged            |   119 |   117 |   184 |   407 |   815 |   488 |   733 ||  2863
       Deflected         |       |       |       |       |       |       |     6 ||     6
Block: Buckler           |       |       |       |    15 |   465 |   300 |   452 ||  1232
       Rpst.: Falchion   |       |       |     3 |       |       |       |       ||     3

Table legend:
 A = Non-vault XP
 B = Vault XP
 C = Vault XP percentage of total XP
 D = Non-vault monster count
 E = Vault monster count
 F = Vault count percentage of total count
                 A         B        C        D         E       F
            +---------+---------+-------+---------+---------+-------
      Total |  254710 |  170495 |  40.1 |     875 |     366 |  29.5
            +---------+---------+-------+---------+---------+-------
        D:1 |      44 |       0 |   0.0 |      25 |       0 |   0.0
        D:2 |      20 |       2 |   9.1 |      13 |       1 |   7.1
        D:3 |     141 |      40 |  22.1 |      29 |      12 |  29.3
        D:4 |     232 |       0 |   0.0 |      12 |       0 |   0.0
        D:5 |     120 |      45 |  27.3 |       8 |       3 |  27.3
        D:6 |     238 |      21 |   8.1 |      13 |      12 |  48.0
        D:7 |     861 |       0 |   0.0 |      10 |       0 |   0.0
        D:8 |     873 |       0 |   0.0 |      20 |       0 |   0.0
        D:9 |    1204 |       0 |   0.0 |      27 |       0 |   0.0
       D:10 |    2494 |     190 |   7.1 |      25 |       3 |  10.7
       D:11 |    8739 |    1859 |  17.5 |      51 |      34 |  40.0
       D:12 |    8112 |       0 |   0.0 |      46 |       0 |   0.0
       D:13 |    2122 |       0 |   0.0 |       9 |       0 |   0.0
       D:14 |    6843 |     986 |  12.6 |      28 |       1 |   3.4
     Lair:1 |    2448 |     677 |  21.7 |      11 |       5 |  31.2
     Lair:2 |    6232 |    1021 |  14.1 |      24 |       5 |  17.2
     Lair:3 |    6055 |       0 |   0.0 |      20 |       0 |   0.0
     Lair:4 |    2053 |    3320 |  61.8 |       6 |       7 |  53.8
     Lair:5 |    4206 |      20 |   0.5 |      16 |       1 |   5.9
     Lair:6 |    6341 |   12049 |  65.5 |      25 |      22 |  46.8
    Swamp:1 |    4474 |       0 |   0.0 |      14 |       0 |   0.0
    Swamp:2 |    5802 |       0 |   0.0 |      18 |       0 |   0.0
    Swamp:3 |    5548 |       0 |   0.0 |      20 |       0 |   0.0
    Swamp:4 |    9755 |   20668 |  67.9 |      29 |      24 |  45.3
    Snake:1 |    8842 |       0 |   0.0 |      16 |       0 |   0.0
    Snake:2 |   16489 |       0 |   0.0 |      34 |       0 |   0.0
    Snake:3 |   23061 |       0 |   0.0 |      47 |       0 |   0.0
    Snake:4 |   13515 |   38129 |  73.8 |      26 |      68 |  72.3
      Orc:1 |    5049 |       9 |   0.2 |      59 |       3 |   4.8
      Orc:2 |    2765 |    7416 |  72.8 |      34 |      27 |  44.3
   Vaults:1 |   11270 |   21443 |  65.5 |      19 |      34 |  64.2
   Vaults:2 |   12782 |   11689 |  47.8 |      28 |      31 |  52.5
   Vaults:3 |   35073 |   16885 |  32.5 |      49 |      27 |  35.5
    Crypt:1 |   20369 |    4413 |  17.8 |      31 |       5 |  13.9
    Crypt:2 |   19346 |    8437 |  30.4 |      32 |      12 |  27.3
    Crypt:3 |       0 |   21111 | 100.0 |       0 |      27 | 100.0
        Lab |    1192 |       0 |   0.0 |       1 |       0 |   0.0
    Ossuary |       0 |      65 | 100.0 |       0 |       2 | 100.0
            +---------+---------+-------+---------+---------+-------
